 Dungeon Crawl Stone Soup version 0.30-b1-2-g02819fbbbe (webtiles) character file.

Game seed: 17582020475538839436

331 Alarkh the Insei (level 6, 48/48 HPs)
             Began as a Demonspawn Delver on May 22, 2023.
             Was a Follower of Uskayaw.
             Got out of the dungeon alive.
             The game lasted 00:05:03 (2983 turns).

Alarkh the Insei (Demonspawn Delver)                Turns: 2983, Time: 00:05:04

Health: 48/48      AC:  8    Str: 13    XL:     6   Next: 26%
Magic:  6/6        EV: 10    Int: 13    God:    Uskayaw [*.....]
Gold:   135        SH:  0    Dex: 14    Spells: 5/5 levels left

rFire   . .          .
                       - Unarmed
rCold   . . .        (no shield)
rNeg    . . .        o - +1 ring mail
rPois   .            (no helmet)
rElec   .            d - +0 cloak
rCorr   .            (no gloves)
SInv    .            (no boots)
Will    .....        (no amulet)
Stlth   ++           (no ring)
HPRegen 0.28/turn    (no ring)
MPRegen 0.10/turn

%: no passive effects
@: no status effects
A: rugged brown scales 1, demonic guardian 1, demonic magic 2, demonic touch 1
a: Renounce Religion, Stomp


You escaped.
You worshipped Uskayaw.
Uskayaw was noncommittal.
You visited 1 branch of the dungeon, and saw 5 of its levels.

You collected 135 gold pieces.

Inventory:

Missiles
 w - 6 poisoned darts (quivered)
Armour
 a - a +0 leather armour
 d - a +0 cloak (worn)
 o - a +1 ring mail (worn)
Wands
 f - a wand of digging (3)
 u - a wand of charming (2)
Scrolls
 b - a scroll of silence {unknown}
 c - a scroll of magic mapping
 g - 2 scrolls of teleportation
 h - a scroll of amnesia {unknown}
 k - a scroll of enchant armour
 l - 2 scrolls of identify {unknown}
 p - a scroll of immolation {unknown}
 q - a scroll of blinking {unknown}
 r - a scroll of enchant weapon {unknown}
 s - 2 scrolls of brand weapon {unknown}
Potions
 e - a potion of haste
 i - 2 potions of might {unknown}
 j - 2 potions of curing
 m - a potion of mutation {unknown}
 n - a potion of attraction {unknown}
 t - a potion of brilliance {unknown}
 v - a potion of berserk rage {unknown}
 x - 2 potions of heal wounds {unknown}


   Skills:
 - Level 3.0 Fighting
 - Level 1.7 Dodging
 - Level 4.5 Stealth
 + Level 6.1 Unarmed Combat


You had 5 spell levels left.
You didn't know any spells.
Your spell library contained the following spells:

 Spells                   Type           Power      Damage    Failure   Level
 Sublimation of Blood     Necr           0%         N/A       71%         2
 Wereblood                Tmut           0%         N/A       71%         2
 Ignite Poison            Fire/Tmut/Pois 0%         N/A       90%         3
 Sticky Flame             Conj/Fire      0%         2d3       100%        4
 Summon Hydra             Summ           0%         N/A       100%        7
 Ignition                 Fire           0%         3d3       100%        8


Dungeon Overview and Level Annotations

Branches:
Dungeon (5/15)
 Temple: D:4-7

Altars:
Gozag
Makhleb
Sif Muna
Uskayaw
Xom

Shops:
D:1 (


Innate Abilities, Weirdness & Mutations

You are partially covered in rugged brown scales. (AC +1, +3% HP)
A weak demonic guardian rushes to your aid.
Spells you cast may paralyse nearby enemies.
Your touch may inflict minor irresistible damage on your foes.


Message History

The magic dart hits you.
You barely miss Sigmund.
Sigmund is severely wounded.
Sigmund gestures wildly while chanting.
Sigmund flickers and vanishes!
Deactivating autopickup; reactivate with Ctrl-A.
You miss something. Something hits you.
You miss something. You barely miss something.
You touch something.
Reactivating autopickup.
You feel a bit more experienced.
Your Unarmed Combat skill increases to level 6!
You have reached level 6!
Your demonic ancestry asserts itself...
You feel the presence of a demonic guardian.
Things that are here:
a +0 scythe; a +0 robe
Okay, then.
w - 5 poisoned darts
w - 6 poisoned darts (gained 1) Done exploring.
Done exploring.
Unknown command.
(D) Dungeon
Where to? (Enter - D:2 @ (x,y), ? - help)
What level of the Dungeon? (default 1, ? - help)
You open the door.
There is an open door here.
There is a stone staircase leading up here.
You climb upwards.
There is a stone staircase leading down here.
There is a stone staircase leading up here.
You climb upwards.
There is a stone staircase leading down here.
(D) Dungeon
Where to? (Enter - D:1, ? - help)
Okay, then.
There is a staircase leading out of the dungeon here.
Are you sure you want to leave the Dungeon?
This will make you lose the game!
You have escaped!

.......#.♣.......♣#######
.........♣.......♣
...÷...#....♣.♣..♣
.......#.....⌠...♣
.......#>...♣.♣..♣
.......##♣......♣♣
....#### ♣......#♣ ....#
♣♣......♣ ....# ♣♣..♣.@♣
....# ♣♣♣#♣♣# ....# .####
.# ##


There were no monsters in sight!

Vanquished Creatures
  Sigmund (D:3)
  An orc priest (D:3)
  Terence (D:3)
  3 gnolls (D:3)
  2 worms (D:2)
  2 dart slugs
  3 orcs (D:3)
  5 bats
  9 endoplasms
  2 giant cockroaches
  6 goblins
  4 hobgoblins
  9 kobolds
  2 quokkas
  5 ball pythons
  8 rats
63 creatures vanquished.

Notes
Turn   | Place    | Note
-------+----------+-------------------------------------------
     0 | D:5      | Alarkh the Demonspawn Delver began the quest for the Orb.
     0 | D:5      | Reached XP level 1. HP: 18/18 MP: 1/1
    41 | D:5      | Noticed a black bear
    64 | D:4      | Noticed a jelly
    77 | D:4      | Found a shimmering blue altar of Sif Muna.
    79 | D:4      | Found an opulent altar of Gozag.
    80 | D:4      | Found a burning altar of Makhleb.
    81 | D:4      | Found a hide-covered altar of Uskayaw.
    95 | D:4      | Became a worshipper of Uskayaw the Reveller
   126 | D:4      | Reached * piety under Uskayaw
   135 | D:4      | Reached skill level 2 in Unarmed Combat
   143 | D:4      | Noticed a scorpion
   213 | D:2      | Reached ** piety under Uskayaw
   256 | D:1      | Found Vusiomol's Weapon Shoppe.
   303 | D:1      | Gained mutation: You are partially covered in rugged brown
                  | scales. (AC +1, +3% HP) [demonic ancestry]
   303 | D:1      | Reached XP level 2. HP: 18/24 MP: 2/2
   520 | D:1      | Reached skill level 3 in Unarmed Combat
   701 | D:1      | Gained mutation: Your touch may inflict minor irresistible
                  | damage on your foes. [demonic ancestry]
   701 | D:1      | Reached XP level 3. HP: 16/29 MP: 3/3
   990 | D:2      | Found a shimmering altar of Xom.
  1930 | D:3      | Noticed Sigmund
  1951 | D:3      | Reached skill level 4 in Unarmed Combat
  1951 | D:3      | Gained mutation: Spells you cast may paralyse adjacent
                  | enemies. [demonic ancestry]
  1951 | D:3      | Reached XP level 4. HP: 36/36 MP: 4/4
  2000 | D:3      | Found a faded altar of an unknown god.
  2123 | D:3      | Noticed Terence
  2142 | D:3      | Killed Terence
  2142 | D:3      | Reached *** piety under Uskayaw
  2342 | D:3      | Gained mutation: Spells you cast may paralyse nearby
                  | enemies. [demonic ancestry]
  2342 | D:3      | Reached XP level 5. HP: 42/42 MP: 5/5
  2693 | D:3      | Reached skill level 5 in Unarmed Combat
  2847 | D:3      | Killed Sigmund
  2848 | D:3      | Reached skill level 6 in Unarmed Combat
  2848 | D:3      | Gained mutation: A weak demonic guardian rushes to your
                  | aid. [demonic ancestry]
  2848 | D:3      | Reached XP level 6. HP: 31/48 MP: 6/6
  2983 | D:$      | Got out of the dungeon alive.

Illustrated notes

Levels and vault maps discovered:
D:1:      amcnicky_arrival_underground_garden, layout_basic, serial_shops, shop
D:2:      layout_loops_ring, basic_altar, serial_glass, glass_columns_a,
          glass_columns_b, nicolae_underground_beach
D:3:      layout_basic, tso_altar, ebering_ecumenical_altar_ruins,
          minmay_crystal_room, uniq_sigmund, uniq_terence
D:4:      layout_loops_cross, grunt_temple_overflow_open, uniq_ijyb
D:5:      layout_loops_corners, minmay_hollow_rounded_squares

Skill      XL: |  1  2  3  4  5 |
---------------+----------------+-----
Unarmed Combat | 2 3 4 6 |  6.1
Fighting       | |  3.0
Dodging        | |  1.7
Stealth        | |  4.5

Action                     |  1- 3 |  4- 6 || total
---------------------------+-------+-------++-------
  Melee: Unarmed           |   177 |    37 ||   214
         Punch             |     3 |       ||     3
         Touch             |    10 |    10 ||    20
  Throw: Dart              |       |     8 ||     8
 Invoke: Stomp             |       |     1 ||     1
    Use: Scroll            |     4 |       ||     4
         Potion            |       |     1 ||     1
   Stab: Sleeping          |    15 |     5 ||    20
 Armour: Leather armour    |    38 |       ||    38
         Ring mail         |    32 |     8 ||    40
  Dodge: Dodged            |    74 |    11 ||    85
